 Dungeon Crawl Stone Soup version 0.31-a0-446-g07c4bd200f (webtiles) character file.

Game seed: 5909009908654699300

60 Ethylacetat the Insei (level 4, -5/24 HPs)
             Began as a Vine Stalker Monk on Aug 3, 2023.
             Killed by divine providence
             ... invoked by an orc priest
              (12 damage)
             ... on level 2 of the Dungeon.
             The game lasted 00:01:48 (1942 turns).

Ethylacetat the Insei (Vine Stalker Monk)           Turns: 1942, Time: 00:01:49

Health: -5/24      AC:  2    Str: 13    XL:     4   Next: 4%
Magic:  0/6        EV: 13    Int: 10    God:
Gold:   34         SH:  0    Dex: 19    Spells: 5/5 levels left

rFire   . .          .
                       - Unarmed
rCold   . . .        c - orb {light}
rNeg    . . .        a - +0 robe
rPois   .            (no helmet)
rElec   .            (no cloak)
rCorr   .            (no gloves)
SInv    .            (no boots)
Will    .....        (no amulet)
Stlth   +            (no ring)
HPRegen 1.04/turn    (no ring)
MPRegen 0.10/turn

%: guardian spirit
@: glowing
A: fangs 2, regeneration 1, magic shield, antimagic bite, no potion heal 2
a: no special abilities


You were on level 2 of the Dungeon.
You visited 1 branch of the dungeon, and saw 3 of its levels.

You collected 34 gold pieces.

Inventory:

Armour
 a - a +0 robe (worn)
 c - an orb of light (worn)
Talismans
 h - a maw talisman
Scrolls
 d - a scroll of amnesia {unknown}
 e - a scroll of torment {unknown}
 g - a scroll of teleportation {unknown}
 i - a scroll of identify {unknown}
Potions
 b - a potion of ambrosia
 f - 2 potions of mutation {unknown}
 j - a potion of attraction {unknown}


   Skills:
 + Level 3.1 Fighting
 - Level 2.6 Dodging
 - Level 3.4 Unarmed Combat
 + Level 1.0 Spellcasting
 * Level 1.2 Shapeshifting


You had 5 spell levels left.
You didn't know any spells.
Your spell library was empty.

Dungeon Overview and Level Annotations

Branches:
Dungeon (3/15)

Altars:

Shops:
D:2 (


Innate Abilities, Weirdness & Mutations

You have extremely sharp teeth.
Your natural rate of healing is unusually fast.
When hurt, damage is shared between your health and your magic reserves.
Your bite disrupts and absorbs the magic of your enemies.
Potions cannot restore your health.


Message History

You hear a bark! x2
Found a scroll labelled GAHUDEANAT.
There is a stone staircase leading up here.
The orc priest hits you with a +0 club. The orc closely misses you.
The orc barely misses you.
You climb upwards.
There is a stone staircase leading down here.
You hit the orc priest.
The orc priest is moderately wounded.
You hit the orc priest but do no damage.
The orc priest is moderately wounded.
The orc hits you with a +0 club. The orc barely misses you.
The orc priest barely misses you.
You hit the orc priest but do no damage.
You bite the orc priest, but do no damage.
The orc priest is moderately wounded.
The orc hits you with a +0 club. The orc closely misses you.
The orc priest barely misses you.
You hit the orc priest but do no damage.
You bite the orc priest, but do no damage.
The orc priest is moderately wounded.
The orc hits you with a +0 club. x2; The orc priest closely misses you.
You hit the orc priest but do no damage.
You bite the orc priest, but do no damage.
The orc priest is moderately wounded.
The orc misses you. The orc hits you with a +0 club.
The orc priest hits you with a +0 club.
You barely miss the orc priest.
You bite the orc priest, but do no damage.
The orc priest is moderately wounded.
The orc hits you with a +0 club. x2; The orc priest barely misses you.
You hit the orc priest but do no damage.
You bite the orc priest, but do no damage.
The orc priest is moderately wounded.
The orc completely misses you. The orc hits you with a +0 club.
* * * LOW HITPOINT WARNING * * *
The orc priest calls down the wrath of Beogh upon you.
Beogh smites you!
Ouch! That really hurt!
You die...

## .# #################### .#
#..................# .#
#####.################.# .#
#...#.# #....# #...#
.####...#.###.##.# #.###
.#......#.#...##+#######.#
.'..............@o....##.#
.#.########.##.oo.....##.######
##..........##........##......#
##############........#######.#
..........# #........#...#...#
#####.....####........#.#.#.###
#.................#.#<#.#
###..........#'######.###.#
###............#.# #.....#


You could see an orc priest and 2 orcs.

Vanquished Creatures
  A gnoll (D:1)
  2 adders (D:2)
  An orc (D:2)
  4 endoplasms
  2 giant cockroaches (D:1)
  2 goblins (D:1)
  A hobgoblin (D:1)
  3 quokkas
  4 ball pythons
  5 bats (D:1)
  3 kobolds
  A rat (D:1)
29 creatures vanquished.

Notes
Turn   | Place    | Note
-------+----------+-------------------------------------------
     0 | D:1      | Ethylacetat the Vine Stalker Monk began the quest for the
                  | Orb.
     0 | D:1      | Reached XP level 1. HP: 11/11 MP: 2/2
    90 | D:1      | Reached XP level 2. HP: 12/16 MP: 1/3
   581 | D:1      | Reached XP level 3. HP: 15/20 MP: 2/4
  1332 | D:2      | Reached skill level 1 in Shapeshifting
  1591 | D:2      | Found Otoitem's Weapon Shop.
  1652 | D:2      | Reached skill level 1 in Spellcasting
  1652 | D:2      | Gained mutation: Your natural rate of healing is unusually
                  | fast. [Vine Stalker growth]
  1652 | D:2      | Reached XP level 4. HP: 14/24 MP: 2/6
  1730 | D:2      | Found a faded altar of an unknown god.
  1942 | D:2      | Killed from afar by an orc priest

Illustrated notes

Levels and vault maps discovered:
D:1:      dpeg_chamrin_arrival_tetris, layout_basic, minmay_strange_pillars
D:2:      layout_basic, shapermc_ecumenical_altar_notcrosses, serial_shops,
          nicolae_shop_rolling_square
D:3:      layout_loops_ring, grunt_temple_overflow_opulence, minmay_cut_off

Skill      XL: |  1  2  3 |
---------------+----------+-----
Fighting       | 3 |  3.1
Shapeshifting  | 1 |  1.2
Spellcasting   | 1 |  1.0
Dodging        | |  2.6
Unarmed Combat | |  3.4

Action                     |  1- 3 |  4- 6 || total
---------------------------+-------+-------++-------
  Melee: Unarmed           |    69 |    11 ||    80
         Bite              |    24 |     6 ||    30
 Armour: Robe              |    15 |     2 ||    17
  Dodge: Dodged            |    43 |    13 ||    56

Table legend: (Time is in decaauts)
 A = Elapsed time spent in this place.
 B = Non-inter-level travel time spent in this place.
 C = Inter-level travel time spent in this place.
 D = Time resting spent in this place.
 E = Time spent auto-exploring this place.
 F = Levels seen in this place.
 G = Mean time per level.
                   A        B        C        D        E       F      G
               +--------+--------+--------+--------+--------+-----+--------+
         Total |   1938 |   1824 |    114 |      0 |   1637 |   3 |  646.0 |
       Dungeon |   1938 |   1824 |    114 |      0 |   1637 |   3 |  646.0 |
               +--------+--------+--------+--------+--------+-----+--------+

Top non-repeatable levels by time:
     D:1: 1263 daAuts
     D:2: 673 daAuts
     D:3: 1 daAuts
